 Dungeon Crawl Stone Soup version bcrawl-1.36.5b (webtiles) character file.

Game seed: 948289228152239246

232480 AlexTheTrain1 the Cleaver (level 9, -7/79 HPs)
             Began as a Demonspawn Berserker on Sept 7, 2022.
             Was an Elder of Trog.
             Mangled by a guardian serpent (shapeshifter) (19 damage)
             ... on level 7 of the Dungeon.
             The game lasted 00:22:24 (7148 turns).

AlexTheTrain1 the Cleaver (Demonspawn Berserker)    Turns: 7148, Time: 00:22:25

Health: -7/79      AC: 12    Str: 21    XL:     9   Next: 14%
Magic:  0/9        EV: 12    Int:  8    God:    Trog [****..]
Gold:   330        SH:  0    Dex: 13    Spells: 8/8 levels left

rFire    . . .     GDR:     26% a - +0 hand axe
rCold    + + .     SeeInvis .   (no shield)
rNeg     . . .     Gourm    .   b - +0 animal skin
rPois    .         Faith    .   g - +0 helmet
rElec    .         Spirit   +   t - +0 cloak
rCorr    .         Reflect  .   (no gloves)
MR       .....                  h - +2 pair of boots
Stlth    +.........             (no amulet)
HPRegen  0.23/turn              p - +5 ring of protection
MPRegen  0.11/turn              q - ring "Jacinely" {rC+ Stlth--}

@: no status effects
A: cold resistance 1, nightstalker 2, robust 1, magic shield
a: Berserk, Trog's Hand, Brothers in Arms, Renounce Religion


You were on level 7 of the Dungeon.
You worshipped Trog.
Trog was greatly pleased with you.
You were hungry.

You visited 2 branches of the dungeon, and saw 8 of its levels.

You collected 375 gold pieces.
You spent 45 gold pieces at shops.

Inventory:

Hand Weapons
 a - a +0 hand axe (weapon)
Armour
 b - a +0 animal skin (worn)
 g - a +0 helmet (worn)
 h - a +2 pair of boots (worn)
 t - a +0 cloak (worn)
Jewellery
 l - an uncursed ring of wizardry
 p - a +5 ring of protection (left hand)
 q - the ring "Jacinely" (right hand) {rC+ Stlth--}
   (You found it on level 2 of the Dungeon)

   [ring of attention]

   It protects you from cold.
   It makes you much less stealthy.
 s - an uncursed amulet of rage {unknown}
Scrolls
 d - 2 scrolls of teleportation
 f - a scroll of immolation {unknown}
 j - a scroll of amnesia {unknown}
 k - 4 scrolls of remove curse
 m - 3 scrolls of enchant weapon {unknown}
 v - a scroll of noise {unknown}
Potions
 c - 3 potions of curing
 n - 2 potions of lignification {unknown}
 o - a potion of agility
 r - 2 potions of haste
 u - a potion of cancellation
Comestibles
 e - 8 rations {!d}
 i - 3 chunks of flesh


   Skills:
 * Level 7.6 Fighting
 + Level 9.6 Axes
 - Level 1.7 Armour
 - Level 1.7 Dodging


You had 8 spell levels left.
You didn't know any spells.
Your spell library was empty.

Dungeon Overview and Level Annotations

Branches:
Dungeon (7/12)             Temple (1/1) D:4
   Lair: D:7-9

Altars:
Ashenzari
Cheibriados
Dithmenos
Fedhas
Gozag
Kikubaaqudgha
Lugonu
Nemelex Xobeh
Okawaru
Qazlal
Ru
Sif Muna
Trog
Wu Jian
Xom
Yredelemnul
Jiyva

Shops:
D:4 [

Annotations:
D:4 1 runed translucent door


Innate Abilities, Weirdness & Mutations

You are significantly more attuned to the shadows.
When hurt, damage is shared between your health and your magic reserves.
Your flesh is cold resistant. (rC+)
You are robust. (+10% HP)


Message History

You hit the guardian serpent but do no damage.
The guardian serpent misses you.
You hit the guardian serpent but do no damage.
The guardian serpent barely misses you.
You hit the guardian serpent.
The guardian serpent is lightly wounded.
The guardian serpent hits you.
You slash the guardian serpent!
The guardian serpent is moderately wounded.
The guardian serpent hits you!
You hit the guardian serpent.
The guardian serpent is moderately wounded.
The guardian serpent hits you.
* * * LOW HITPOINT WARNING * * *
The guardian serpent hits you!
* * * LOW HITPOINT WARNING * * *
You barely miss the guardian serpent.
The guardian serpent is moderately wounded.
The guardian serpent hits you!!
You die...

..............##.#..#
##.##......).#.......#
#.##.#.(#...####.##.#
#.......)...####.##†#
####.##..........#...
#.##.##.#######... #
#.##.##.# #... ..
#.†...... #... ...
#@#..#.##. #...
....#S#..#. ....
.......<... .....
....#(#.##.#
....#......# ...
#.#.... ##. ....##.
#.. .


You could see a guardian serpent shaped shifter.

Vanquished Creatures
  A troll (D:7)
  An ice beast (D:6)
  A black bear (D:6)
  3 ogres
  2 phantoms (D:5)
  A necrophage (D:6)
  3 bullfrogs
  A water moccasin zombie (D:4)
  2 centaurs
  A water moccasin skeleton (D:5)
  A scorpion (D:5)
  3 orc priests
  2 crimson imps
  A quasit (D:5)
  4 hounds
  6 orc wizards
  A bullfrog skeleton (D:5)
  5 worker ants
  A hound zombie (D:4)
  A howler monkey zombie (D:4)
  2 worker ant zombies
  2 adders
  A shadow imp (D:6)
  5 oozes
  An adder zombie (D:4)
  An adder skeleton (D:6)
  2 worms
  3 dart slugs (D:1)
  6 leopard geckos
  13 orcs
  2 ball pythons
  6 giant cockroaches
  11 hobgoblins
  3 jackals (D:2)
  3 quokkas
  8 bats
  4 frilled lizards
  4 goblins (D:2)
  13 kobolds
  10 rats
141 creatures vanquished.

Notes
Turn   | Place    | Note
-------+----------+-------------------------------------------
     0 | D:1      | AlexTheTrain1 the Demonspawn Berserker began the quest for
                  | the Orb.
     0 | D:1      | Reached XP level 1. HP: 18/18 MP: 1/1
   137 | D:1      | Reached skill level 3 in Axes
   169 | D:1      | Gained mutation: When hurt, damage is shared between your
                  | health and your magic reserves. [demonic ancestry]
   169 | D:1      | Reached XP level 2. HP: 18/24 MP: 2/2
   458 | D:1      | Reached XP level 3. HP: 25/29 MP: 3/3
   593 | D:1      | Reached ** piety under Trog
  1491 | D:2      | Found an ancient bone altar of Kikubaaqudgha.
  1546 | D:2      | Gained mutation: You are slightly more attuned to the
                  | shadows. [demonic ancestry]
  1546 | D:2      | Reached XP level 4. HP: 29/37 MP: 4/4
  1621 | D:2      | Reached skill level 4 in Axes
  1689 | D:2      | Got a wavering steel ring
  1703 | D:2      | Identified the cursed ring "Jacinely" {rC+ Stlth--} (You
                  | found it on level 2 of the Dungeon)
  2214 | D:3      | Found a shadowy altar of Dithmenos.
  2222 | D:3      | Reached *** piety under Trog
  2400 | D:3      | Gained mutation: You are significantly more attuned to the
                  | shadows. [demonic ancestry]
  2400 | D:3      | Reached XP level 5. HP: 32/42 MP: 5/5
  2990 | D:4      | Found a basalt altar of Yredelemnul.
  3094 | D:4      | Reached skill level 5 in Axes
  3288 | D:4      | Found Guaxioch's Armour Shoppe.
  3298 | D:4      | Bought a +0 cloak for 45 gold pieces
  3509 | D:4      | Reached XP level 6. HP: 47/49 MP: 3/6
  3648 | D:4      | Found a runed translucent door.
  3872 | D:4      | Found a staircase to the Ecumenical Temple.
  3926 | D:4      | Found a corrupted altar of Lugonu.
  4229 | Temple   | Entered the Ecumenical Temple
  4361 | D:5      | Entered Level 5 of the Dungeon
  4462 | D:5      | Reached skill level 6 in Axes
  4527 | D:5      | Reached skill level 5 in Fighting
  4527 | D:5      | Reached XP level 7. HP: 30/56 MP: 4/7
  4884 | D:5      | Reached skill level 7 in Axes
  5358 | D:5      | Gained mutation: You have sharp fingernails. [potion of
                  | mutation]
  5358 | D:5      | Gained mutation: You possess an exceptional clarity of
                  | mind. [potion of mutation]
  5359 | D:5      | Lost mutation: You possess an exceptional clarity of mind.
                  | [potion of mutation]
  5359 | D:5      | Lost mutation: You have sharp fingernails. [potion of
                  | mutation]
  5359 | D:5      | Gained mutation: Your body sometimes deteriorates upon
                  | taking damage. [potion of mutation]
  5359 | D:5      | Gained mutation: You are robust. (+10% HP) [potion of
                  | mutation]
  5359 | D:5      | Lost mutation: Your body sometimes deteriorates upon taking
                  | damage. [potion of mutation]
  5359 | D:5      | Gained mutation: Your flesh is cold resistant. (rC+)
                  | [potion of mutation]
  5888 | D:6      | Reached XP level 8. HP: 70/70 MP: 8/8
  5893 | D:6      | Found a stormy altar of Qazlal.
  5893 | D:6      | Found a blossoming altar of Fedhas.
  6104 | D:6      | Reached skill level 8 in Axes
  6710 | D:6      | Found an iron altar of Okawaru.
  6772 | D:7      | Noticed a troll
  6785 | D:7      | Killed a troll
  6786 | D:7      | Reached skill level 9 in Axes
  6924 | D:7      | Reached **** piety under Trog
  6925 | D:7      | Reached XP level 9. HP: 35/79 MP: 7/9
  6947 | D:7      | Found a sacrificial altar of Ru.
  7108 | D:7      | Noticed a troll
  7113 | D:7      | a troll changed into a hornet
  7114 | D:7      | Noticed a cane toad
  7114 | D:7      | a hornet changed into a cane toad
  7121 | D:7      | a cane toad changed into a black bear
  7133 | D:7      | Noticed an orb spider
  7133 | D:7      | a black bear changed into an orb spider
  7141 | D:7      | Noticed a guardian serpent
  7141 | D:7      | an orb spider changed into a guardian serpent
  7148 | D:7      | Mangled by a guardian serpent (shapeshifter)

Skill      XL: |  1  2  3  4  5  6  7  8 |
---------------+-------------------------+-----
Axes           | 3 4 5 6 7 9 |  9.6
Fighting       | 4 5 7 |  7.6
Armour         | |  1.7
Dodging        | |  1.7

Action                   |  1- 3 |  4- 6 |  7- 9 || total
-------------------------+-------+-------+-------++-------
Melee: Hand axe          |   127 |   260 |   298 ||   685
  Use: Scroll            |     1 |       |    15 ||    16
       Potion            |       |       |     3 ||     3
 Stab: Sleeping          |     1 |     2 |     1 ||     4
  Eat: Chunk             |     5 |     5 |     5 ||    15
       Ration            |       |     6 |     1 ||     7
Armor: Animal skin       |    39 |   112 |   101 ||   252
Dodge: Dodged            |   115 |   204 |   176 ||   495
